 Dungeon Crawl Stone Soup version 0.25-a0-561-g0977b4d109 (webtiles) character file.

Game seed: 9323187419557674762, levelgen mode: deterministic

15 Flugslaktarn the Covered (level 2, -3/27 HPs)
             Began as a Deep Dwarf Fighter on Feb 25, 2020.
             Slain by an ogre
             ... wielding a +0 giant club
              (19 damage)
             ... on level 4 of the Dungeon.
             The game lasted 00:00:27 (487 turns).

Flugslaktarn the Covered (Deep Dwarf Fighter)        Turns: 487, Time: 00:00:27

Health: -3/27      AC:  8    Str: 19    XL:     2   Next: 34%
Magic:  1/1        EV:  7    Int:  8    God:
Gold:   118        SH:  9    Dex: 12    Spells: 1/1 levels left

rFire    . . .     SeeInvis +   a - +0 war axe
rCold    . . .     Gourm    .   c - +0 kite shield
rNeg     . . .     Faith    .   b - +0 scale mail
rPois    .         Spirit   .   (no helmet)
rElec    .         Reflect  .   k - +0 cloak
rCorr    .         Harm     .   (no gloves)
MR       .....                  (no boots)
Stlth    ..........             (no amulet)
HPRegen  0.00/turn              i - ring of see invisible
MPRegen  0.07/turn              (no ring)

@: non-regenerating
A: damage resistance, heal wounds, sense surroundings 1, no regeneration
a: Heal Wounds


You were on level 4 of the Dungeon.
You were not hungry.

You visited 1 branch of the dungeon, and saw 4 of its levels.

You collected 118 gold pieces.

Inventory:

Hand Weapons
 a - a +0 war axe (weapon)
Armour
 b - a +0 scale mail (worn)
 c - a +0 kite shield (worn)
 k - a +0 cloak (worn)
   (You found it on level 2 of the Dungeon)
Jewellery
 i - a ring of see invisible (left hand)
   (You found it on level 1 of the Dungeon)
 j - an uncursed ring of stealth {unknown}
   (You found it on level 2 of the Dungeon)
Scrolls
 m - a scroll of enchant armour {unknown}
Potions
 d - a potion of might
 g - a potion of lignification {unknown}
 h - a potion of stabbing {unknown}
 l - 2 potions of flight {unknown}
 n - a potion of curing {unknown}
Comestibles
 e - 3 rations
 f - 2 chunks of flesh


   Skills:
 + Level 2.8 Fighting
 * Level 2.7 Axes
 + Level 3.4 Armour
 + Level 3.4 Shields


You had one spell level left.
You didn't know any spells.
Your spell library was empty.

Dungeon Overview and Level Annotations

Branches:
Dungeon (4/15)
 Temple: D:4-7

Altars:


Innate Abilities, Weirdness & Mutations

You are resistant to damage.
You can heal yourself by infusing magical energy.
You passively map a small area around you.
You do not regenerate.


Message History

No target in view!
No target in view!
There is a stone staircase leading up here.
You open the large door.
There is a large open door here.
No target in view!
An ogre comes into view. It is wielding a +0 giant club.
The ogre shouts!
An ogre is nearby!
An ogre is nearby!
An ogre is nearby!
Found 8 gold pieces.
A bullfrog skeleton comes into view.
Found a glistering book.
The ogre hits you with a +0 giant club!
You hit the ogre.
The ogre is lightly wounded.
The ogre hits you with a +0 giant club!!
Ouch! That really hurt!
You die...

....##.##....##.# #.#
######..........#####.#######
####.##......<............#
#.##..#######.########.#
####''#### #.###### #.# *
##≈≈≈..≈≈≈####......# #.# * *
#≈≈......≈≈##.#####.# #.#
*#≈≈........≈≈##.####.###.##
, ≈≈........@.≈≈##...(......#
* ≈..........O.≈≈##..........
....≈≈≈≈≈≈....≈≈####.##.#.#
...≈......≈....≈# #.#.###.
...≈......Z....≈#**#.##.#..
..≈......≈..$..+.##.##....
.≈...:..≈.....+....##.#.#
≈......≈....≈####.##.#.# ≈
#.##.#.#


You could see an ogre and a bullfrog skeleton.

Vanquished Creatures
  A dart slug (D:1)
  2 leopard geckos
  4 goblins
  A hobgoblin (D:2)
  A kobold (D:1)
  2 rats (D:2)
11 creatures vanquished.

Notes
Turn   | Place    | Note
-------+----------+-------------------------------------------
     0 | D:1      | Flugslaktarn the Deep Dwarf Fighter began the quest for the
                  | Orb.
     0 | D:1      | Reached XP level 1. HP: 20/20 MP: 1/1
   150 | D:2      | Reached XP level 2. HP: 18/27 MP: 2/2
   483 | D:4      | Noticed an ogre
   487 | D:4      | Slain by an ogre

Levels and vault maps discovered:
D:1:      psy_arrival_conway, layout_basic
D:2:      layout_rooms
D:3:      minmay_general_purpose_star, layout_basic, uniq_grinder, uniq_jessica
D:4:      layout_loops_ring, serial_shops, kennysheep_little_box,
          kennysheep_big_empty_room

Action                   || total
-------------------------++-------
Melee: War axe           ||    29
 Abil: Heal Wounds       ||     1
Armor: Scale mail        ||     7
Dodge: Dodged            ||    10
Block: Kite shield       ||    10

Table legend:
 A = Non-vault XP
 B = Vault XP
 C = Vault XP percentage of total XP
 D = Non-vault monster count
 E = Vault monster count
 F = Vault count percentage of total count
                 A         B        C        D         E       F
            +---------+---------+-------+---------+---------+-------
      Total |      22 |       0 |   0.0 |      11 |       0 |   0.0
            +---------+---------+-------+---------+---------+-------
        D:1 |       8 |       0 |   0.0 |       3 |       0 |   0.0
        D:2 |      11 |       0 |   0.0 |       7 |       0 |   0.0
        D:4 |       3 |       0 |   0.0 |       1 |       0 |   0.0
            +---------+---------+-------+---------+---------+-------
